 Dungeon Crawl Stone Soup version 0.31-a0-595-g4209ae197b (webtiles) character file.

Game seed: 7325795413368518231

2522 Conn the Magician (level 9, 0/52 HPs)
             Began as an Octopode Fire Elementalist on Aug 20, 2023.
             Was an Initiate of Sif Muna.
             Slain by a wyvern (19 damage)
             ... on level 8 of the Dungeon.
             The game lasted 00:15:56 (8315 turns).

Conn the Magician (Octopode Fire Elementalist)      Turns: 8315, Time: 00:15:56

Health: 0/52       AC:  1    Str:  7    XL:     9   Next: 54%
Magic:  15/20      EV: 13    Int: 22    God:    Sif Muna [......]
Gold:   338        SH:  0    Dex: 12    Spells: 10/23 levels left

rFire   + . .        j - staff of fire
rCold   . . .        (no shield)
rNeg    . . .        (helmet restricted)
rPois   +            n - amulet of Eduhor {+Inv rPois Regen+}
rElec   .            s - ring of wizardry
rCorr   .            (no ring)
SInv    .            (no ring)
Will    .....        (no ring)
Stlth   +++          (no ring)
HPRegen 1.08/turn    (no ring)
MPRegen 0.17/turn    (no ring)
                     (no ring)

%: wizardry (x1)
@: no status effects
A: almost no armour, amphibious, 8 rings, camouflage 1, gelatinous body 1,
(nimble swimmer 1), tentacles
a: Renounce Religion, Evoke Invisibility


You were on level 8 of the Dungeon.
You worshipped Sif Muna.
Sif Muna was noncommittal.
You visited 2 branches of the dungeon, and saw 9 of its levels.

You collected 338 gold pieces.

Inventory:

Hand Weapons
 g - a +0 dagger
Missiles
 u - 2 throwing nets
Armour
 r - a +0 buckler
Magical Staves
 j - a staff of fire (weapon)
Jewellery
 n - the amulet of Eduhor (around mantle) {+Inv rPois Regen+}
   (You found it on level 3 of the Dungeon)

   [amulet of regeneration]

   rPois:     It protects you from poison +Inv: It lets you turn invisible.
   Regen+:    It increases your rate of health regeneration.
 s - a ring of wizardry (left tentacle)
Wands
 h - a wand of roots (16)
Scrolls
 b - 3 scrolls of noise
 e - 3 scrolls of identify
 i - 3 scrolls of teleportation {unknown}
 m - a scroll of revelation {unknown}
 o - a scroll of brand weapon {unknown}
 q - a scroll of vulnerability {unknown}
 x - a scroll of fog {unknown}
Potions
 a - a potion of magic
 c - 6 potions of curing {unknown}
 d - 2 potions of heal wounds {unknown}
 f - a potion of attraction {unknown}
 k - a potion of degeneration {unknown}
 l - 2 potions of enlightenment {unknown}
 p - 2 potions of might {unknown}
 t - a potion of ambrosia {unknown}
 v - a potion of resistance {unknown}
 w - a potion of haste {unknown}


   Skills:
 + Level 0.7 Fighting
 + Level 3.3 Dodging
 + Level 3.7 Stealth
 * Level 3.9 Shields
 * Level 7.8 Spellcasting
 * Level 5.2 Conjurations
 + Level 0.1 Hexes
 + Level 6.4 Fire Magic


You had 10 spell levels left.
You knew the following spells:

 Your Spells              Type           Power      Damage    Failure   Level
a - Foxfire               Conj/Fire      100%       2x1d9     1%          1
b - Scorch                Fire           100%       2d9       1%          2
c - Inner Flame           Hex/Fire       34%        N/A       2%          3
d - Flame Wave            Conj/Fire      51%        2d13      2%          4
e - Stone Arrow           Conj/Erth      40%        3d9       3%          3

Your spell library contained the following spells:

 Spells                   Type           Power      Damage    Failure   Level
 Kiss of Death            Conj/Necr      80%        2d11      1%          1
 Volatile Blastmotes      Fire/Tloc      68%        2d15      2%          3
 Sandblast                Erth           16%        2d6       3%          1
 Passwall                 Tmut/Erth      6%         N/A       4%          2
 Confusing Touch          Hex            9%         N/A       9%          3
 Dispel Undead            Necr           8%         3d8       28%         4


Dungeon Overview and Level Annotations

Branches:
Dungeon (8/15)             Temple (1/1) D:6
   Lair: D:8-11

Altars:
Cheibriados
Dithmenos
Fedhas
Hepliaklqana
Kikubaaqudgha
Makhleb
Nemelex Xobeh
Okawaru
Qazlal
Ru
Sif Muna
Trog
Uskayaw
Wu Jian
Xom
Yredelemnul
Zin
The Shining One

Shops:
D:4 :   D:8 (


Innate Abilities, Weirdness & Mutations

You cannot wear most types of armour.
You are amphibious.
You can wear up to eight rings at the same time.
Your skin changes colour to match your surroundings (Stealth+).
Your rubbery body absorbs attacks. (AC +1, EV +1)
((You are camouflaged when in or above water. (Stealth+)))
You have tentacles for arms and can constrict up to eight enemies at once.


Message History

You feel a surge of power!
You conjure some foxfire!
The foxfire hits the wyvern.
The wyvern is lightly wounded.
The foxfire hits the wyvern.
The wyvern is moderately wounded.
A gnoll sergeant comes into view. It is wielding a +0 spear of venom.
Casting: Foxfire (safe; 1% risk of failure)
Confirm with . or Enter, or press ? or * to list all spells.
You feel a surge of power!
Flames lash the gnoll.
You kill the gnoll!
Sif Muna accepts your kill.
You hear a shout! x2
The foxfire hits the wyvern but does no damage.
The wyvern is moderately wounded.
The foxfire hits the wyvern but does no damage.
The wyvern is moderately wounded.
The wyvern bites you! The wyvern bites you!!
A gnoll comes into view. It is wielding a +0 flail.
Okay, then.
Unknown command.
Unknown command.
Okay, then.
Unknown command.
Unknown command.
Unknown command.
Unknown command.
Unknown command.
Unknown command.
Casting: Scorch (safe; 1% risk of failure)
Confirm with . or Enter, or press ? or * to list all spells.
Okay, then.
Unknown command.
Okay, then.
Unknown command.
Okay, then.
As you read the scroll labelled FOAQYNUCLO, it crumbles to dust.
It is a scroll of identify.
b - 3 scrolls of noise The wyvern bites you!!
You die...

#...........#....§.#
##.............§§...
##..........####v§..
#.....#.....# #...§
##...####.#.......#§#
#..#..# ####....###.§
##..#.##....#..). #.§
#....§.......... ...
###..@..g..gg.. ....
#..l.....#> #....
.......<...# #....
#............#
..............#
#..............
##.#..........#
###........./#


You could see a wyvern, a gnoll sergeant and 2 gnolls.

Vanquished Creatures
  A cyclops (D:6)
  A steam dragon (D:6)
  Edmund (D:6)
  A black bear (D:6)
  4 centaurs
  A phantom (D:7)
  A kobold brigand (D:7)
  A gnoll sergeant (D:7)
  3 scorpions
  5 wights (D:7)
  A howler monkey (D:5)
  A jelly (D:5)
  An orc priest (D:6)
  3 hounds
  A gnoll bouda (D:2)
  4 iguanas
  An iron imp (D:7)
  Jessica (D:2)
  4 orc wizards
  Robin (D:2)
  13 gnolls
  8 adders
  A shadow imp (D:6)
  2 white imps
  An ufetubus (D:7)
  2 worms
  5 dart slugs
  7 orcs
  3 endoplasms
  2 giant cockroaches
  6 goblins
  6 hobgoblins
  8 jackals
  7 quokkas
  5 ball pythons
  7 bats
  2 frilled lizards (D:1)
  9 kobolds
  8 rats
139 creatures vanquished.

Vanquished Creatures (others)
  478 foxfires
478 creatures vanquished.

Grand Total: 617 creatures vanquished

Notes
Turn   | Place    | Note
-------+----------+-------------------------------------------
     0 | D:1      | Conn the Octopode Fire Elementalist began the quest for the
                  | Orb.
     0 | D:1      | Reached XP level 1. HP: 11/11 MP: 3/3
   107 | D:1      | Reached XP level 2. HP: 17/17 MP: 0/5
   571 | D:1      | Found a faded altar of an unknown god.
   583 | D:1      | Reached XP level 3. HP: 21/21 MP: 1/6
   894 | D:2      | Learned a level 2 spell: Scorch
   898 | D:2      | Learned a level 3 spell: Inner Flame
   913 | D:2      | Noticed Robin
   998 | D:2      | Killed Robin
  1064 | D:2      | Reached XP level 4. HP: 27/27 MP: 0/7
  1407 | D:2      | Reached XP level 5. HP: 31/31 MP: 5/9
  1455 | D:2      | Reached skill level 3 in Spellcasting
  1531 | D:2      | Noticed Jessica
  1535 | D:2      | Killed Jessica
  2554 | D:2      | Learned a level 4 spell: Flame Wave
  3186 | D:3      | Identified the amulet of Eduhor {+Inv rPois Regen+}
  3259 | D:4      | Reached XP level 6. HP: 36/36 MP: 6/11
  3429 | D:4      | Reached skill level 4 in Spellcasting
  3601 | D:4      | Found a blossoming altar of Fedhas.
  3701 | D:4      | Found Nokleot's Self-Improvement Boutique.
  3975 | D:4      | Found a shadowy altar of Dithmenos.
  4260 | D:5      | Entered Level 5 of the Dungeon
  4462 | D:5      | Reached XP level 7. HP: 41/41 MP: 8/13
  4894 | D:5      | Found a hazy altar of Hepliaklqana.
  5063 | D:6      | Found a sacrificial altar of Ru.
  5227 | D:6      | Noticed a steam dragon
  5231 | D:6      | Reached skill level 1 in Shields
  5235 | D:6      | Killed a steam dragon
  5236 | D:6      | Reached skill level 5 in Spellcasting
  5291 | D:6      | Reached XP level 8. HP: 46/46 MP: 5/16
  5387 | D:6      | Noticed a cyclops
  5678 | D:7      | Reached skill level 5 in Fire Magic
  5683 | D:7      | Reached skill level 6 in Spellcasting
  6010 | D:7      | Learned a level 3 spell: Stone Arrow
  6366 | D:6      | Reached skill level 7 in Spellcasting
  6366 | D:6      | Reached XP level 9. HP: 52/52 MP: 12/19
  7026 | D:6      | Noticed Edmund
  7031 | D:6      | Killed Edmund
  7032 | D:6      | Reached skill level 5 in Conjurations
  7164 | D:6      | Found a staircase to the Ecumenical Temple.
  7169 | Temple   | Entered the Ecumenical Temple
  7178 | Temple   | Became a worshipper of Sif Muna the Loreminder
  7780 | D:6      | Killed a cyclops
  8148 | D:7      | Found a snail-covered altar of Cheibriados.
  8201 | D:8      | Found Meynwail's Antique Weapon Boutique.
  8315 | D:8      | Slain by a wyvern

Illustrated notes

Levels and vault maps discovered:
D:1:      psy_arrival_radial02, layout_rooms, ebering_ecumenical_altar_rust,
          hex_medium
D:2:      layout_basic, uniq_jessica, uniq_robin
D:3:      layout_loops_ring, chequers_serial_rivers_micro_c
D:4:      layout_layer_cave, grunt_dithmenos_smoke, fedhas_altar_1,
          nicolae_shop_self_help
D:5:      layout_cave_pools, lemuel_coloured_pillars_altar
D:6:      minmay_chambers_of_fours, layout_layer_cave,
          nicolae_ru_great_annihilating_truth, temple_statues, uniq_edmund
D:7:      layout_cave_pools, chei_slow_surprise, abandoned_shop,
          solitary_fountain, minmay_misc_feat_four_crosses
D:8:      layout_cave_pools, serial_shops, shop, eino_curves_01,
          minmay_misc_feat_x
Temple:   dshaligram_water_room_temple

Skill      XL: |  1  2  3  4  5  6  7  8  9 |
---------------+----------------------------+-----
Stealth        | 3 |  3.7
Fire Magic     | 4 5 6 |  6.4
Conjurations   | 2 3 4 5 |  5.2
Spellcasting   | 3 4 5 7 |  7.8
Shields        | 1 3 |  3.9
Dodging        | 3 |  3.3
Fighting       | |  0.7
Hexes          | |  0.1

Action                     |  1- 3 |  4- 6 |  7- 9 || total
---------------------------+-------+-------+-------++-------
  Melee: Unarmed           |    18 |       |       ||    18
         Constrict         |     7 |     2 |     3 ||    12
         Tentacles         |     4 |     2 |     6 ||    12
         Dagger            |     1 |     3 |       ||     4
         Staff             |       |     8 |    22 ||    30
         Punch             |       |       |     1 ||     1
   Cast: Foxfire           |    54 |   102 |   125 ||   281
         Scorch            |     3 |    25 |    39 ||    67
         Inner Flame       |       |       |     4 ||     4
         Flame Wave        |       |       |     1 ||     1
    Use: Scroll            |       |       |     1 ||     1
   Stab: Sleeping          |       |     1 |       ||     1
 Armour: Skin              |     3 |     2 |     2 ||     7
  Dodge: Dodged            |    21 |    24 |    30 ||    75

Table legend: (Time is in decaauts)
 A = Elapsed time spent in this place.
 B = Non-inter-level travel time spent in this place.
 C = Inter-level travel time spent in this place.
 D = Time resting spent in this place.
 E = Time spent auto-exploring this place.
 F = Levels seen in this place.
 G = Mean time per level.
                   A        B        C        D        E       F      G
               +--------+--------+--------+--------+--------+-----+--------+
         Total |   8328 |   7928 |    400 |    665 |   5681 |   9 |  925.3 |
       Dungeon |   8309 |   7909 |    400 |    665 |   5681 |   8 | 1038.6 |
        Temple |     18 |     18 |      0 |      0 |      0 |   1 |   18.0 |
               +--------+--------+--------+--------+--------+-----+--------+

Top non-repeatable levels by time:
     D:6: 2237 daAuts
     D:2: 1369 daAuts
     D:1: 1215 daAuts
     D:4: 1069 daAuts
     D:7: 918 daAuts
     D:5: 711 daAuts
     D:3: 674 daAuts
     D:8: 114 daAuts
  Temple: 18 daAuts
